 Dungeon Crawl Stone Soup version 0.28.0-45-g0d030f2227 (console) character file.

Game seed: 13825363204090079872

44 Zeor the Twirler (level 3, -6/22 HPs)
             Began as a Gargoyle Gladiator on Apr 6, 2022.
             Mangled by an iguana (10 damage)
             ... on level 3 of the Dungeon.
             The game lasted 00:02:43 (1374 turns).

Zeor the Twirler (Gargoyle Gladiator)               Turns: 1374, Time: 00:02:44

Health: -6/22      AC:  7    Str: 19    XL:     3   Next: 60%
Magic:  3/3        EV: 12    Int:  8    God:
Gold:   55         SH:  0    Dex: 11    Spells: 2/2 levels left

rFire   . . .      SeeInvis .   a - +0 quarterstaff
rCold   . . .      Faith    .   (shield currently unavailable)
rNeg    + . .      Spirit   .   b - +0 leather armour
rPois   ∞          Reflect  .   c - +0 helmet
rElec   +          Harm     .   (no cloak)
rCorr   .          Rampage  .   (no gloves)
Will    .....                   (no boots)
Stlth   +.........              (no amulet)
HPRegen 0.07/turn               (no ring)
MPRegen 0.08/turn               (no ring)

@: no status effects
A: sickness immunity, AC +3, negative energy resistance 1, electricity
resistance, torment resistance 1, petrification resistance
a: no special abilities


You were on level 3 of the Dungeon.
You visited 1 branch of the dungeon, and saw 3 of its levels.

You collected 55 gold pieces.

Inventory:

Hand Weapons
 a - a +0 quarterstaff (weapon)
Missiles
 d - 3 throwing nets (quivered)
Armour
 b - a +0 leather armour (worn)
 c - a +0 helmet (worn)
Potions
 e - a potion of curing {unknown}
 f - a potion of degeneration {unknown}
 g - 2 potions of brilliance {unknown}
 h - a potion of mutation {unknown}
 i - 2 potions of haste {unknown}
 j - a potion of attraction {unknown}


   Skills:
 + Level 2.4 Fighting
 * Level 3.7 Staves
 + Level 1.8 Throwing
 * Level 1.2 Armour
 + Level 2.7 Dodging


You had 2 spell levels left.
You didn't know any spells.
Your spell library was empty.

Dungeon Overview and Level Annotations

Branches:
Dungeon (2/15)

Altars:


Innate Abilities, Weirdness & Mutations

You are immune to sickness and miasma.
Your stone body is resilient. (AC +3)
You are immune to poison.
You resist negative energy. (rN+)
You are resistant to electric shocks. (rElec)
You are resistant to unholy torment.
You are immune to petrification.


Message History

You now have 55 gold pieces (gained 9).
Found a hand axe.
Found a faded altar of an unknown god.
An endoplasm comes into view.
A sourceless malevolence fills the Dungeon...
You fall into a shaft and drop 1 floor!
The shaft crumbles and collapses.
A bat comes into view.
The bat hits you. The bat hits you but does no damage.
The bat barely misses you.
You closely miss the bat. The bat hits you but does no damage.
The bat barely misses you. The bat closely misses you.
The bat completely misses you. The bat misses you.
You hit the bat.
The bat is moderately wounded.
The bat completely misses you. The bat barely misses you.
You barely miss the bat.
The bat is moderately wounded.
The bat hits you but does no damage.
You sock the bat!
You kill the bat!
No target in view!
An iguana comes into view.
The iguana hisses angrily.
The iguana moves out of view.
The iguana bites you.
You hit the iguana.
The iguana is moderately wounded.
The iguana bites you but does no damage.
You closely miss the iguana.
The iguana is moderately wounded.
The iguana bites you!
Ouch! That really hurt!
* * * LOW HITPOINT WARNING * * *
You hit the iguana but do no damage.
The iguana is moderately wounded.
The iguana bites you!
You die...

∙ ∙∙∙∙▒ ▒∙
▒▒∙∙∙▒ ▒∙
▒∙▒▒∙∙∙∙∙ ∙
▒∙∙∙∙∙▒∙ ∙∙
▒▒∙∙∙∙∙▒ ∙▒
▒∙∙∙∙∙∙▒▒∙▒ ▒
▒∙∙∙∙∙∙▒∙∙▒ ∙▒
▒∙∙9▒∙∙∙▒ ∙∙▒
▒▒l▒∙▒∙∙▒▒∙∙▒▒
▒∙▒∙∙∙∙∙∙∙∙∙∙
∙∙▒∙∙∙∙▒▒∙∙▒
∙▒∙∙▒∙∙∙∙∙∙∙∙▒
∙∙∙∙▒▒∙∙∙▒▒∙∙▒▒


∙∙∙∙∙∙∙∙∙∙∙∙∙∙∙ ∙∙∙∙∙∙∙∙∙∙∙∙∙▒▒ ∙∙∙▒▒▒▒▒∙▒▒▒∙▒ You could see an iguana.

Vanquished Creatures
  An adder (D:2)
  A worm (D:2)
  A dart slug (D:2)
  5 bats
  An endoplasm (D:1)
  5 goblins
  4 hobgoblins
  6 kobolds
  3 frilled lizards
  A rat (D:1)
28 creatures vanquished.

Notes
Turn   | Place    | Note
-------+----------+-------------------------------------------
     0 | D:1      | Zeor the Gargoyle Gladiator began the quest for the Orb.
     0 | D:1      | Reached XP level 1. HP: 12/12 MP: 1/1
    53 | D:1      | Reached XP level 2. HP: 5/17 MP: 2/2
   754 | D:1      | Reached skill level 1 in Armour
  1100 | D:2      | Reached XP level 3. HP: 21/22 MP: 3/3
  1349 | D:2      | Found a faded altar of an unknown god.
  1355 | D:2      | You fall into a shaft and drop 1 floor!
  1374 | D:3      | Mangled by an iguana

Illustrated notes

Levels and vault maps discovered:
D:1:      dpeg_arrival_fog, layout_loops_ring
D:2:      cheibrodos_helix_gallery, layout_basic, ebering_ecumenical_altar_rust
D:3:      layout_loops_ring, biasface_ghost_orc_armoury, uniq_grinder

Skill      XL: |  1  2 |
---------------+-------+-----
Armour         | 1 |  1.2
Fighting       | |  2.4
Staves         | |  3.7
Throwing       | |  1.8
Dodging        | |  2.7

Action                   || total
-------------------------++-------
Melee: Quarterstaff      ||    99
Armor: Leather armour    ||    43
Dodge: Dodged            ||    61
